 Dungeon Crawl Stone Soup version 0.19.5 (webtiles) character file.

6295 sankara the Cleaver (level 10, -8/94 HPs)
             Began as a Deep Dwarf Fighter on Mar 26, 2017.
             Was a Believer of Makhleb.
             Killed from afar by a hellion (27 damage)
             ... with damnation
             ... on level 1 of the Abyss.
             The game lasted 00:28:52 (7212 turns).

sankara the Cleaver (Deep Dwarf Fighter)            Turns: 7212, Time: 00:28:53

Health: -8/94      AC: 15    Str: 21    XL:     10   Next: 63%
Magic:  8/8        EV:  5    Int:  8    God:    Makhleb [**....]
Gold:   639        SH: 12    Dex: 15    Spells: 0 memorised, 9 levels left

rFire  . . .     SeeInvis .     a - +1 war axe
rCold  . . .     Gourm    .     I - +0 plate armour
rNeg   . . .     Faith    .     c - +0 shield
rPois  +         Spirit   .     (no helmet)
rElec  .         Reflect  .     m - +1 cloak
rCorr  .         Harm     .     (no gloves)
MR     +....                    (no boots)
Stlth  ..........               (no amulet)
                                p - ring of poison resistance
                                G - ring of loudness (curse)

@: about to teleport, non-regenerating
A: damage resistance, recharge devices, sense surroundings 2, slow regeneration
3
a: Device Recharging, Minor Destruction, Renounce Religion


You were on level 1 of the Abyss.
You worshipped Makhleb.
Makhleb was pleased with you.
You were not hungry.

You visited 2 branches of the dungeon, and saw 10 of its levels.
You visited the Abyss 1 time.
You also visited: Sewer.

You collected 639 gold pieces.

Inventory:

Hand Weapons
 a - a +1 war axe (weapon)
 u - a +2 short sword of electrocution
Missiles
 g - 5 throwing nets (quivered)
Armour
 c - a +0 shield (worn)
 m - a +1 cloak (worn)
 I - a +0 plate armour (worn)
Jewellery
 p - a ring of poison resistance (right hand)
 y - an uncursed ring of ice
 G - a cursed ring of loudness (left hand)
 M - an uncursed ring of wizardry
Wands
 e - a wand of heal wounds (3/9)
 v - a wand of enslavement (18/24)
 z - a wand of disintegration (11/24)
 D - a wand of lightning (10/15)
 H - a wand of disintegration (17/24)
 L - a wand of lightning (9/15)
Scrolls
 h - 2 scrolls of enchant armour
 j - a scroll of recharging
 k - 4 scrolls of magic mapping
 o - 6 scrolls of teleportation
 s - a scroll of fog
 t - 8 scrolls of identify
 A - a scroll of amnesia
 B - 3 scrolls of fear
 C - 2 scrolls of enchant weapon
Potions
 b - 2 potions of haste
 d - a potion of might
 i - 4 potions of heal wounds
 n - a potion of cancellation
 q - 3 potions of curing
 w - 2 potions of ambrosia
 x - 3 potions of brilliance
 E - a potion of agility
 J - a potion of invisibility {unknown}
Comestibles
 f - 6 bread rations
 l - 2 beef jerkies
 r - 2 meat rations
 F - 2 slices of pizza
 K - 12 chunks of flesh


   Skills:
 + Level 7.1 Fighting
 * Level 11.4 Axes
 + Level 6.2 Armour
 + Level 10.3 Shields


You had 9 spell levels left.
You didn't know any spells.

Dungeon Overview and Level Annotations

Branches:
Dungeon (9/15)             Temple (1/1) D:6            Lair (0/6) D:9
    Orc: D:9-12

Altars:
Ashenzari
Cheibriados
Dithmenos
Elyvilon
Gozag
Hepliaklqana
Makhleb
Nemelex Xobeh
Qazlal
Sif Muna
Trog
Uskayaw
Vehumet
Xom
Yredelemnul


Innate Abilities, Weirdness & Mutations

You are resistant to damage.
You can recharge devices by infusing magical energy.
You passively map the area around you.
You do not regenerate.


Message History

You are too injured to fight recklessly!
You are too injured to fight recklessly!
As you read the scroll of teleportation, it crumbles to dust.
You feel strangely unstable.
You feel the power of the Abyss delaying your translocation!
The hellion hits you but does no damage.
The hellion hits you but does no damage.
Evoke which item? (* to show all) (? for menu, Esc to quit)
Zapping:
e - a wand of heal wounds (4/9)
Press: ? - help, Shift-Dir - straight line, f - you You feel much better.
This wand has 3 charges left.
The hellion gestures at you.
The sphere of damnation explodes!
The damnation engulfs you!
* * * LOW HITPOINT WARNING * * *
The damnation engulfs the hellion.
The hellion completely resists.
You block the hellion's attack.
Something shouts, "Bolt, thou worthless ill-nurtured wagtail!"
The hellion gestures at you.
The sphere of damnation explodes!
The damnation engulfs you!
You die...

.##...... .. .##
###..# ### #. . .
... .#..#..###.#
.... .(..#####..
# . . #
..##...... #.# .
.....##...### #
#####.#....###..#
...... .
###...#@# #####
#..#.###..# #
#.#####2#### #
#...##.#. .#
#.####....#.## .
# ##ยง..#..# ##
#.###....#
#.##..##....
..#..## #...#..


You could see a hellion.

Vanquished Creatures
  Pikel (D:5)
  A manticore (D:7)
  The ghost of Lucio the Destroyer, a novice VSCj of Makhleb (D:6)
  Prince Ribbit (D:8)
  A hippogriff (D:8)
  9 yaks (D:9)
  A steam dragon (D:8)
  Eustachio (D:4)
  Menkaure (D:7)
  Edmund (D:5)
  2 slaves (D:5)
  A sky beast (D:6)
  A phantom (D:9)
  An eye of draining (D:8)
  A black bear (D:9)
  An orc warrior (D:7)
  3 ogres
  A centaur (D:5)
  A big kobold (D:8)
  5 bullfrogs
  A gnoll sergeant (D:6)
  2 scorpions
  5 killer bees (D:7)
  3 crimson imps
  A jelly (D:8)
  5 hounds
  An orc priest (D:3)
  A centaur skeleton (D:4)
  3 gnoll shamans (D:6)
  3 orc wizards
  An iguana (D:8)
  4 worker ants
  A killer bee zombie (D:7)
  A worker ant zombie (D:7)
  12 adders
  39 gnolls
  5 river rats
  4 shadow imps
  An ufetubus (Abyss:1)
  4 oozes
  An adder zombie (D:5)
  2 adder skeletons
  5 worms
  2 dart slugs
  8 leopard geckos
  11 orcs
  13 ball pythons (Sewer)
  6 bats
  10 giant cockroaches
  8 goblins
  5 hobgoblins
  28 jackals
  15 kobolds
  A quokka (D:6)
  2 frilled lizards
  A jackal skeleton (D:5)
  A jackal zombie (D:6)
  A leopard gecko skeleton (D:4)
  A leopard gecko zombie (D:5)
  29 rats
282 creatures vanquished.

Notes
Turn   | Place    | Note
-------+----------+-------------------------------------------
     0 | D:1      | sankara the Deep Dwarf Fighter began the quest for the Orb.
     0 | D:1      | Reached XP level 1. HP: 20/20 MP: 1/1
    69 | D:1      | Reached XP level 2. HP: 21/27 MP: 2/2
   290 | D:1      | Reached skill level 3 in Axes
   349 | D:1      | Reached XP level 3. HP: 33/33 MP: 3/3
   864 | D:2      | Found a faded altar of an unknown god.
   890 | D:2      | Found a shadowy altar of Dithmenos.
  1207 | D:2      | Reached XP level 4. HP: 39/42 MP: 4/4
  1422 | D:2      | Reached skill level 4 in Axes
  1512 | D:3      | Reached XP level 5. HP: 35/49 MP: 5/5
  1611 | D:3      | Reached skill level 5 in Shields
  1717 | D:3      | Found a glowing drain.
  1721 | Sewer    | Entered a sewer
  1886 | Sewer    | Reached XP level 6. HP: 41/56 MP: 6/6
  2093 | Sewer    | Reached skill level 5 in Axes
  2523 | D:4      | Reached XP level 7. HP: 46/63 MP: 7/7
  2703 | D:4      | Noticed Eustachio
  2729 | D:4      | Killed Eustachio
  2729 | D:4      | Reached skill level 6 in Axes
  2985 | D:5      | Entered Level 5 of the Dungeon
  3208 | D:5      | Noticed Edmund
  3230 | D:5      | Killed Edmund
  3230 | D:5      | Reached XP level 8. HP: 62/73 MP: 8/8
  3370 | D:5      | Noticed Pikel
  3480 | D:5      | Killed Pikel
  3480 | D:5      | Reached skill level 5 in Fighting
  3480 | D:5      | Reached skill level 7 in Axes
  4030 | D:6      | Reached skill level 8 in Axes
  4196 | D:6      | Gained mutation: You passively map the area around you. [Deep Dwarf growth]
  4196 | D:6      | Reached XP level 9. HP: 46/81 MP: 8/8
  4202 | D:6      | Found a staircase to the Ecumenical Temple.
  4211 | Temple   | Entered the Ecumenical Temple
  4254 | Temple   | Became a worshipper of Makhleb the Destroyer
  4345 | D:6      | Noticed Lucio's ghost (novice VSCj)
  4359 | D:6      | Killed Lucio's ghost
  4611 | D:6      | Reached skill level 9 in Axes
  5199 | D:7      | Reached * piety under Makhleb
  5361 | D:7      | Noticed Menkaure
  5373 | D:7      | Killed Menkaure
  5415 | D:7      | Noticed a manticore
  5437 | D:7      | Killed a manticore
  5437 | D:7      | Reached skill level 10 in Axes
  5704 | D:7      | Found a stormy altar of Qazlal.
  5708 | D:7      | Found a snail-covered altar of Cheibriados.
  5714 | D:7      | Found a radiant altar of Vehumet.
  5718 | D:7      | Found a shattered altar of Ashenzari.
  5724 | D:7      | Found a basalt altar of Yredelemnul.
  5729 | D:7      | Found a white marble altar of Elyvilon.
  5740 | D:7      | Found a hide-covered altar of Uskayaw.
  5804 | D:8      | Reached XP level 10. HP: 65/92 MP: 0/8
  5874 | D:8      | Reached skill level 5 in Armour
  5875 | D:8      | Reached ** piety under Makhleb
  6418 | D:8      | Noticed Prince Ribbit
  6519 | D:8      | Killed Prince Ribbit
  6519 | D:8      | Reached skill level 10 in Shields
  6838 | D:9      | Found a staircase to the Lair.
  6860 | D:9      | Reached skill level 11 in Axes
  7161 | D:9      | Cast into level 1 of the Abyss (orc)
  7212 | Abyss:1  | Killed from afar by a hellion

Skill      XL: |  1  2  3  4  5  6  7  8  9 10 |
---------------+-------------------------------+-----
Axes           | 3 4 5 6 8 10 11 | 11.4
Fighting       | 3 4 5 6 7 |  7.1
Shields        | 4 5 6 7 8 9 10 | 10.3
Armour         | 4 6 |  6.2

Action                   |  1- 3 |  4- 6 |  7- 9 | 10-12 || total
-------------------------+-------+-------+-------+-------++-------
Melee: War axe           |   136 |   247 |   550 |   206 ||  1139
 Abil: Device Recharging |       |       |     2 |       ||     2
Evoke: Wand              |     1 |     4 |    13 |     7 ||    25
  Use: Scroll            |       |    10 |     5 |     3 ||    18
       Potion            |       |       |     9 |     1 ||    10
  Eat: Chunk             |     1 |     5 |    12 |     5 ||    23
Armor: Scale mail        |    38 |       |       |       ||    38
       Chain mail        |    38 |   156 |   238 |       ||   432
       Plate armour      |       |       |    10 |    95 ||   105
Dodge: Dodged            |    42 |    53 |   126 |    36 ||   257
Block: Shield            |    73 |   172 |   364 |   122 ||   731
